AAA
QUEBEC FIGHTING QUAKERS @ LYNN PATRIOTS
08/29/2059
 
TOP OF THE 1ST
Quebec Fighting Quakers batting - Pitching for Lynn Patriots : RHP Carl Walden
Pitching: RHP Carl Walden
Batting: LHB Neil Fedunina 0-0: Ball
1-0: Ground out 4-3 (Groundball, 4, EV 105.6 MPH)
Batting: LHB Jayden Marotta 0-0: Ball
1-0: Foul Ball, location: 2F
1-1: Foul Ball, location: 2F
1-2: Strikes out looking
Batting: RHB TeMarcus Turner 0-0: Foul Ball, location: 2F
0-1: Ball
1-1: Ball
2-1: Foul Ball, location: 2F
2-2: Fly out, F6 (Line Drive, 6M, EV 69.4 MPH)
Top of the 1st over - 0 runs, 0 hits, 0 errors, 0 left on base; Quebec 0 - Lynn 0
BOTTOM OF THE 1ST
Lynn Patriots batting - Pitching for Quebec Fighting Quakers : RHP Dean Kusuma
Pitching: RHP Dean Kusuma
Batting: RHB Paxton Barnett 0-0: Ball
1-0: Called Strike
1-1: Swinging Strike
1-2: Strikes out swinging
Batting: RHB Garret Hoffman 0-0: Called Strike
0-1: Ground out 6-3 (Groundball, 6, EV 105.6 MPH)
Batting: RHB Rodrick Madhubuti 0-0: Foul Ball, location: 2F
0-1: Called Strike
0-2: Ball
1-2: Ball
2-2: Ball
3-2: Foul Ball, location: 2F
3-2: Ground out 3-1 (Groundball, 34S, EV 84.4 MPH)
Bottom of the 1st over - 0 runs, 0 hits, 0 errors, 0 left on base; Quebec 0 - Lynn 0
TOP OF THE 2ND
Quebec Fighting Quakers batting - Pitching for Lynn Patriots : RHP Carl Walden
Batting: RHB Eli Tracy 0-0: Foul Ball, location: 2F
0-1: Ball
1-1: Called Strike
1-2: Ground out 5-3 (Groundball, 56, EV 106.2 MPH)
Batting: RHB Evan Bocian 0-0: Called Strike
0-1: Fly out, F8 (Flyball, 8LM, EV 90.6 MPH)
Batting: RHB Andy Christman 0-0: Swinging Strike
0-1: Called Strike
0-2: Strikes out swinging
Top of the 2nd over - 0 runs, 0 hits, 0 errors, 0 left on base; Quebec 0 - Lynn 0
BOTTOM OF THE 2ND
Lynn Patriots batting - Pitching for Quebec Fighting Quakers : RHP Dean Kusuma
Batting: LHB Ira Benda 0-0: Ball
1-0: Foul Ball, location: 2F
1-1: Ball
2-1: Foul Ball, location: 2F
2-2: Foul Ball, location: 2F
2-2: Ball
3-2: Foul Ball, location: 2F
3-2: Base on Balls
Batting: LHB Deshaun Hone 0-0: Called Strike
0-1: Called Strike
0-2: Strikes out swinging
Batting: LHB Brandt Bagishaev 0-0: Ball
1-0: Ball
2-0: Called Strike
2-1: Swinging Strike
2-2: Ball
3-2: Strikes out swinging
Batting: LHB Kyle Cherry 0-0: Called Strike
0-1: Foul Ball, location: 2F
0-2: Ball
1-2: Ball
2-2: Ball
3-2: DOUBLE (Line Drive, 7LM, EV 110.6 MPH)
Ira Benda to third
Ira Benda scores
Batting: RHB O.K. Emelyantsev 0-0: Called Strike
0-1: Ball
1-1: Called Strike
1-2: Ball
2-2: Foul Ball, location: 2F
2-2: SINGLE (Line Drive, 89S, EV 103.1 MPH)
Kyle Cherry to third
Batting: RHB Scottie Viele 0-0: Ball
Wild Pitch!
Kyle Cherry scores
O.K. Emelyantsev to second
1-0: Ball
2-0: Called Strike
2-1: Fly out, F9 (Flyball, 9, EV 93.8 MPH)
Bottom of the 2nd over - 2 runs, 2 hits, 0 errors, 1 left on base; Quebec 0 - Lynn 2
TOP OF THE 3RD
Quebec Fighting Quakers batting - Pitching for Lynn Patriots : RHP Carl Walden
Batting: LHB Kaleb Roelofs 0-0: Ball
1-0: Foul Ball, location: 2F
1-1: Foul Ball, location: 2F
1-2: Strikes out swinging
Batting: LHB Kevyn O'Flynn 0-0: Foul Ball, location: 2F
0-1: Ball
1-1: Ground out 5-3 (Groundball, 56S, EV 88.8 MPH)
Batting: LHB Hazen Jimenez 0-0: Ground out 5-3 (Groundball, 5S, EV 84.4 MPH)
Top of the 3rd over - 0 runs, 0 hits, 0 errors, 0 left on base; Quebec 0 - Lynn 2
BOTTOM OF THE 3RD
Lynn Patriots batting - Pitching for Quebec Fighting Quakers : RHP Dean Kusuma
Batting: RHB Paxton Barnett 0-0: Foul Ball, location: 2F
0-1: Called Strike
0-2: SINGLE (Groundball, 56D, EV 95.0 MPH)
Batting: RHB Garret Hoffman 0-0: Ball
1-0: Foul Ball, location: 2F
1-1: Called Strike
Paxton Barnett is caught stealing 2nd base 2-4
1-2: Ball
2-2: Fly out, F5 (Flyball, 5D, EV 91.9 MPH)
Batting: RHB Rodrick Madhubuti 0-0: Foul Ball, location: 2F
0-1: Foul Ball, location: 2F
0-2: Strikes out looking
Bottom of the 3rd over - 0 runs, 1 hit, 0 errors, 0 left on base; Quebec 0 - Lynn 2
TOP OF THE 4TH
Quebec Fighting Quakers batting - Pitching for Lynn Patriots : RHP Carl Walden
Batting: LHB Neil Fedunina 0-0: Fly out, F8 (Flyball, 8LD, EV 100.0 MPH)
Batting: LHB Jayden Marotta 0-0: Called Strike
0-1: Called Strike
0-2: Ball
1-2: Strikes out swinging
Batting: RHB TeMarcus Turner 0-0: Called Strike
0-1: Foul Ball, location: 2F
0-2: Foul Ball, location: 2F
0-2: Ball
1-2: Strikes out swinging
Top of the 4th over - 0 runs, 0 hits, 0 errors, 0 left on base; Quebec 0 - Lynn 2
BOTTOM OF THE 4TH
Lynn Patriots batting - Pitching for Quebec Fighting Quakers : RHP Dean Kusuma
Batting: LHB Ira Benda 0-0: Called Strike
0-1: Called Strike
0-2: Foul Ball, location: 2F
0-2: Strikes out looking
Batting: LHB Deshaun Hone 0-0: Ball
1-0: Foul Ball, location: 2F
1-1: Foul Ball, location: 2F
1-2: Ball
2-2: Fly out, F8 (Flyball, 78M, EV 95.6 MPH)
Batting: LHB Brandt Bagishaev 0-0: Ball
1-0: Called Strike
1-1: Swinging Strike
1-2: Foul Ball, location: 2F
1-2: Ball
2-2: Strikes out swinging
Bottom of the 4th over - 0 runs, 0 hits, 0 errors, 0 left on base; Quebec 0 - Lynn 2
TOP OF THE 5TH
Quebec Fighting Quakers batting - Pitching for Lynn Patriots : RHP Carl Walden
Batting: RHB Eli Tracy 0-0: Ball
1-0: Ball
2-0: Called Strike
2-1: Ball
3-1: Foul Ball, location: 2F
3-2: Fly out, F8 (Flyball, 8RS, EV 96.9 MPH)
Batting: RHB Evan Bocian 0-0: Ball
1-0: Called Strike
1-1: Foul Ball, location: 2F
1-2: Foul Ball, location: 2F
1-2: Ball
2-2: Ground out 4-3 (Groundball, 4D, EV 81.2 MPH)
Batting: RHB Andy Christman 0-0: Called Strike
0-1: Ball
1-1: Foul Ball, location: 2F
1-2: Ball
2-2: SINGLE (Line Drive, 6MD, EV 96.9 MPH)
Batting: LHB Kaleb Roelofs 0-0: Called Strike
0-1: Foul Ball, location: 2F
0-2: Foul Ball, location: 2F
0-2: Ball
1-2: Strikes out looking
Top of the 5th over - 0 runs, 1 hit, 0 errors, 1 left on base; Quebec 0 - Lynn 2
BOTTOM OF THE 5TH
Lynn Patriots batting - Pitching for Quebec Fighting Quakers : RHP Dean Kusuma
Batting: LHB Kyle Cherry 0-0: Called Strike
0-1: Ball
1-1: SINGLE (Flyball, 6D, EV 92.5 MPH)
Batting: RHB O.K. Emelyantsev 0-0: Sac Bunt to P - play at first, batter OUT! 1-3
Kyle Cherry to second
Batting: RHB Scottie Viele 0-0: Ball
1-0: Ball
2-0: Ball
3-0: Called Strike
3-1: Base on Balls
Batting: RHB Paxton Barnett 0-0: Called Strike
0-1: Ball
1-1: Ball
Passed Ball!
Kyle Cherry to third
Scottie Viele to second
2-1: Foul Ball, location: 2F
2-2: Foul Ball, location: 2F
2-2: Strikes out swinging
Batting: RHB Garret Hoffman 0-0: Swinging Strike
0-1: Foul Ball, location: 2F
0-2: Ball
1-2: Ball
2-2: Strikes out swinging
Bottom of the 5th over - 0 runs, 1 hit, 0 errors, 2 left on base; Quebec 0 - Lynn 2
TOP OF THE 6TH
Quebec Fighting Quakers batting - Pitching for Lynn Patriots : RHP Carl Walden
Batting: LHB Kevyn O'Flynn 0-0: Ball
1-0: Called Strike
1-1: Ball
2-1: Ball
3-1: Called Strike
3-2: Strikes out looking
Batting: LHB Hazen Jimenez 0-0: Called Strike
0-1: Called Strike
0-2: Ball
1-2: Ground out 6-3 (Groundball, 6, EV 81.2 MPH)
Batting: LHB Neil Fedunina 0-0: Foul Ball, location: 2F
0-1: Ball
1-1: SINGLE (Groundball, P, EV 76.9 MPH) (infield hit)
Batting: LHB Jayden Marotta 0-0: Called Strike
0-1: Foul Ball, location: 2F
0-2: Foul Ball, location: 2F
0-2: Foul Ball, location: 2F
0-2: Ball
1-2: Foul Ball, location: 2F
1-2: Fly out, F4 (Line Drive, 34, EV 70.0 MPH)
Top of the 6th over - 0 runs, 1 hit, 0 errors, 1 left on base; Quebec 0 - Lynn 2
BOTTOM OF THE 6TH
Lynn Patriots batting - Pitching for Quebec Fighting Quakers : RHP Dean Kusuma
Batting: RHB Rodrick Madhubuti 0-0: Called Strike
0-1: Foul Ball, location: 2F
0-2: Ball
1-2: Strikes out swinging
Batting: LHB Ira Benda 0-0: Ball
1-0: Called Strike
1-1: Ball
2-1: Foul Ball, location: 2F
2-2: Ground out U3 (Groundball, 34, EV 81.9 MPH)
Batting: LHB Deshaun Hone 0-0: Fly out, F9 (Flyball, 9, EV 92.5 MPH)
Bottom of the 6th over - 0 runs, 0 hits, 0 errors, 0 left on base; Quebec 0 - Lynn 2
TOP OF THE 7TH
Quebec Fighting Quakers batting - Pitching for Lynn Patriots : RHP Carl Walden
Batting: RHB TeMarcus Turner 0-0: Ball
1-0: Foul Ball, location: 2F
1-1: Swinging Strike
1-2: Strikes out swinging
Batting: RHB Eli Tracy 0-0: Ball
1-0: Ball
2-0: Swinging Strike
2-1: Ball
3-1: Base on Balls
Batting: RHB Evan Bocian 0-0: Called Strike
0-1: Fly out, F9 (Flyball, 89M, EV 85.6 MPH)
Batting: RHB Andy Christman 0-0: Foul Ball, location: 2F
0-1: Swinging Strike
0-2: Ball
1-2: Ball
2-2: Strikes out swinging
Top of the 7th over - 0 runs, 0 hits, 0 errors, 1 left on base; Quebec 0 - Lynn 2
BOTTOM OF THE 7TH
Lynn Patriots batting - Pitching for Quebec Fighting Quakers : RHP Dean Kusuma
Pitching: RHP J.R. Rader
Batting: LHB Brandt Bagishaev 0-0: Called Strike
0-1: Foul Ball, location: 2F
0-2: Strikes out swinging
Batting: LHB Kyle Cherry 0-0: Called Strike
0-1: Ball
1-1: Foul Ball, location: 2F
1-2: Strikes out swinging
Batting: RHB O.K. Emelyantsev 0-0: Called Strike
0-1: Called Strike
0-2: Ball
1-2: Ball
2-2: SINGLE (Groundball, 6MD, EV 104.4 MPH)
Batting: RHB Scottie Viele 0-0: Called Strike
O.K. Emelyantsev steals 2nd base (no throw)
0-1: Foul Ball, location: 2F
0-2: Strikes out looking
Bottom of the 7th over - 0 runs, 1 hit, 0 errors, 1 left on base; Quebec 0 - Lynn 2
TOP OF THE 8TH
Quebec Fighting Quakers batting - Pitching for Lynn Patriots : RHP Carl Walden
Batting: LHB Kaleb Roelofs 0-0: Ball
1-0: Called Strike
1-1: Called Strike
1-2: Foul Ball, location: 2F
1-2: Fly out, F8 (Flyball, 8LM, EV 88.1 MPH)
Batting: LHB Kevyn O'Flynn 0-0: Ball
1-0: Ground out 5-3 (Groundball, 56S, EV 83.8 MPH)
Batting: LHB Hazen Jimenez 0-0: Foul Ball, location: 2F
0-1: Swinging Strike
0-2: SINGLE (Groundball, 25, EV 67.5 MPH) (infield hit)
Batting: LHB Neil Fedunina 0-0: Ball
1-0: Foul Ball, location: 2F
1-1: SINGLE (Line Drive, 4D, EV 103.8 MPH)
Hazen Jimenez to second
Pitching: RHP Tommy Pitz
Batting: LHB Jayden Marotta 0-0: Foul Ball, location: 2F
0-1: Called Strike
0-2: Strikes out swinging
Top of the 8th over - 0 runs, 2 hits, 0 errors, 2 left on base; Quebec 0 - Lynn 2
BOTTOM OF THE 8TH
Lynn Patriots batting - Pitching for Quebec Fighting Quakers : RHP J.R. Rader
Batting: RHB Paxton Barnett 0-0: Ball
1-0: Called Strike
1-1: Foul Ball, location: 2F
1-2: Fly out, F9 (Flyball, 9, EV 86.2 MPH)
Batting: RHB Garret Hoffman 0-0: Ball
1-0: Ball
2-0: DOUBLE (Groundball, 5L, EV 110.6 MPH)
Batting: RHB Rodrick Madhubuti 0-0: Foul Ball, location: 2F
0-1: Ball
1-1: Foul Ball, location: 2F
1-2: Fly out, F9 (Line Drive, 9, EV 91.2 MPH)
Batting: LHB Ira Benda 0-0: Foul Ball, location: 2F
0-1: Ball
1-1: Ball
2-1: Ball
3-1: Foul Ball, location: 2F
3-2: Base on Balls
Pitching: RHP Brad Zook
Batting: LHB Deshaun Hone 0-0: Ball
1-0: Foul Ball, location: 2F
1-1: Foul Ball, location: 2F
1-2: Foul Ball, location: 2F
1-2: Ball
2-2: Ball
3-2: Strikes out swinging
Bottom of the 8th over - 0 runs, 1 hit, 0 errors, 2 left on base; Quebec 0 - Lynn 2
TOP OF THE 9TH
Quebec Fighting Quakers batting - Pitching for Lynn Patriots : RHP Tommy Pitz
Now at 1B: Paxton Barnett
Now at 2B: Xavier Amaro
Now in LF: Chase Corman
Batting: RHB TeMarcus Turner 0-0: Called Strike
0-1: Ground out 5-3 (Groundball, 5S, EV 87.5 MPH)
Batting: RHB Eli Tracy 0-0: Called Strike
0-1: Swinging Strike
0-2: Foul Ball, location: 9LSF, Error on foul ball, E9
0-2: SINGLE (Groundball, 6MD, EV 103.1 MPH)
Batting: RHB Evan Bocian 0-0: Ball
1-0: Ball
2-0: Ball
3-0: Base on Balls
Eli Tracy to second
Batting: RHB Andy Christman 0-0: Ball
1-0: Called Strike
1-1: Foul Ball, location: 2F
1-2: Ball
2-2: Strikes out looking
Batting: LHB Kaleb Roelofs 0-0: Foul Ball, location: 2F
0-1: Ball
1-1: Ball
2-1: Foul Ball, location: 2F
2-2: Strikes out looking
Top of the 9th over - 0 runs, 1 hit, 1 error, 2 left on base; Quebec 0 - Lynn 2
Wednesday, March 27th , 2024 - OOTP Baseball 23.10 Build 110